Workbook

Sheet APP Budget  Detail
A1: (Insert Name) FOOTBALL CLUB - PLAYER PAYMENTS (Rule 4 (b) & (c))
A2: 2026 PLAYER PAYMENTS -CLUB BUDGET / FINAL DECLARATION
A4: Players Enter Total Number of Players Per Senior Match (For example 20, 21 or 22 players) | D4: 21 | G4: Enter Your Clubs Allowable Player Payment Cap | J4: 100000
A5: Rounds Enter Total Number of Fixtured Home and Away Rounds for your Senior Team (excluding byes) | D5: 18
A6: Players x Rounds = Total Matches Total number of senior home and away matches (For example 22 players x 18 rounds = 396) | D6: =D4*D5 -> 378 | G6: > Download a Standard Player Declaration
A8: PLAYERS WITH A DECLARATION
B9: DECLARED PLAYERS | D9: SENIORS | G9: NON SENIOR | J9: TOTAL MATCH PAYMENTS $
B10: Surname | C10: First name | D10: No. Of Games | E10: Rate $ | F10: Amount $ | G10: No. Of Games | H10: Rate $ | I10: Amount $ | J10: SUB TOTAL
A11: 1 | B11: Ablett | C11: Gary | D11: 18 | E11: 200 | F11: =D11*E11 -> 3600 | I11: =G11*H11 -> 0 | J11: =(F11+I11) -> 3600
A12: 2 | B12: Barrassi | C12: Ron | D12: 18 | E12: 200 | F12: =D12*E12 -> 3600 | I12: =G12*H12 -> 0 | J12: =(F12+I12) -> 3600
A13: 3 | B13: Bourke | C13: Francis | D13: 18 | E13: 225 | F13: =D13*E13 -> 4050 | I13: =G13*H13 -> 0 | J13: =(F13+I13) -> 4050
A14: 4 | B14: Bunton | C14: Haydn | D14: 18 | E14: 200 | F14: =D14*E14 -> 3600 | I14: =G14*H14 -> 0 | J14: =(F14+I14) -> 3600
A15: 5 | B15: Coleman | C15: John | D15: 18 | E15: 220 | F15: =D15*E15 -> 3960 | I15: =G15*H15 -> 0 | J15: =(F15+I15) -> 3960
A16: 6 | B16: Doull | C16: Bruce | D16: 18 | E16: 100 | F16: =D16*E16 -> 1800 | I16: =G16*H16 -> 0 | J16: =(F16+I16) -> 1800
A17: 7 | B17: Dyer | C17: Jack | D17: 18 | E17: 100 | F17: =D17*E17 -> 1800 | I17: =G17*H17 -> 0 | J17: =(F17+I17) -> 1800
A18: 8 | B18: Farmer | C18: Graham | D18: 18 | E18: 200 | F18: =D18*E18 -> 3600 | I18: =G18*H18 -> 0 | J18: =(F18+I18) -> 3600
A19: 9 | B19: Greig | C19: Keith | D19: 18 | E19: 300 | F19: =D19*E19 -> 5400 | I19: =G19*H19 -> 0 | J19: =(F19+I19) -> 5400
A20: 10 | B20: Hart | C20: Royce | D20: 18 | E20: 250 | F20: =D20*E20 -> 4500 | I20: =G20*H20 -> 0 | J20: =(F20+I20) -> 4500
A21: 11 | B21: Jesaulenko | C21: Alex | D21: 18 | E21: 275 | F21: =D21*E21 -> 4950 | I21: =G21*H21 -> 0 | J21: =(F21+I21) -> 4950
A22: 12 | B22: Matthews | C22: Leigh | D22: 18 | E22: 300 | F22: =D22*E22 -> 5400 | I22: =G22*H22 -> 0 | J22: =(F22+I22) -> 5400
... A31: 21 | B31: Williams | C31: Greg | D31: 18 | E31: 200 | F31: =D31*E31 -> 3600 | I31: =G31*H31 -> 0 | J31: =(F31+I31) -> 3600
A32: 22 | F32: =D32*E32 -> 0 | I32: =G32*H32 -> 0 | J32: =(F32+I32) -> 0
A33: 23 | F33: =D33*E33 -> 0 | I33: =G33*H33 -> 0 | J33: =(F33+I33) -> 0
A34: 24 | F34: =D34*E34 -> 0 | I34: =G34*H34 -> 0 | J34: =(F34+I34) -> 0
A35: 25 | F35: =D35*E35 -> 0 | I35: =G35*H35 -> 0 | J35: =(F35+I35) -> 0
A36: 26 | F36: =D36*E36 -> 0 | I36: =G36*H36 -> 0 | J36: =(F36+I36) -> 0
A37: 27 | F37: =D37*E37 -> 0 | I37: =G37*H37 -> 0 | J37: =(F37+I37) -> 0
A38: 28 | F38: =D38*E38 -> 0 | I38: =G38*H38 -> 0 | J38: =(F38+I38) -> 0
A39: 29 | F39: =D39*E39 -> 0 | I39: =G39*H39 -> 0 | J39: =(F39+I39) -> 0
A40: 30 | F40: =D40*E40 -> 0 | I40: =G40*H40 -> 0 | J40: =(F40+I40) -> 0
A41: 31 | F41: =D41*E41 -> 0 | I41: =G41*H41 -> 0 | J41: =(F41+I41) -> 0
A42: 32 | F42: =D42*E42 -> 0 | I42: =G42*H42 -> 0 | J42: =(F42+I42) -> 0
A43: 33 | F43: =D43*E43 -> 0 | I43: =G43*H43 -> 0 | J43: =(F43+I43) -> 0
... A60: 50 | F60: =D60*E60 -> 0 | I60: =G60*H60 -> 0 | J60: =(F60+I60) -> 0
A62: PLAYERS THAT PLAY A SENIOR MATCH BUT DO NOT RECEIVE ANY PAYMENT (NOT RESERVES) | D62: SENIORS
B64: Surname | C64: First name | D64: No. Of Games
A65: 1
A66: 2
A67: 3
A68: 4
A69: 5
A70: 6
A71: 7
A72: 8
A73: 9
A74: 10
A75: 11
A76: 12
... A84: 20
A86: TOTAL MATCHES CHECK
A87: Total number of senior home and away matches (forecast/actual) | D87: =SUM(D11:D60,D65:D84) -> 378 | E87: =IF(D87=D6,"Total Matches Equals","Total Matches Does Not Equal") -> Total Matches Equals
A89: MATCH AWARDS - DETAIL THE TOTAL OF ALL CASH AWARDS AND ANY NON CASH AWARDS THAT EXCEED $300 PER ROUND FOR ENTIRE CLUB OR $100 PER ROUND PER PLAYER
A90: SENIORS | E90: NON SENIOR
B91: No. Of Games | C91: Rate $ | D91: Amount $ | E91: No. Of Games | F91: Rate $ | G91: Amount $ | H91: TOTAL $
A92: Cash | D92: =B92*C92 -> 0 | E92: 18 | F92: 50 | G92: =E92*F92 -> 900 | H92: =SUM(D92,G92) -> 900
A93: Non Cash | B93: 18 | C93: 50 | D93: =B93*C93 -> 900 | G93: =E93*F93 -> 0 | H93: =SUM(D93,G93) -> 900
A95: OTHER PLAYER PAYMENTS
B96: Surname | C96: First Name | D96: Detail of other Player Payments (e.g. incentives for best and fairest) | G96: AMOUNT $
A97: 1 | B97: TBC | D97: Best and Fairest | G97: 500
A98: 2 | B98: TBC | D98: Runner Up Best and Fairest | G98: 250
A99: 3 | G99: 0
A100: 4 | G100: 0
A101: 5 | G101: 0
A103: ANY OTHER PAYMENTS TO A PLAYER (OR THEIR ASSOCIATES) IN RESPECT OF COACHING, EMPLOYMENT, PROVISION OF SERVICE OR OTHERWISE.
B104: Surname | C104: First Name | D104: Detail of Arrangements | G104: AMOUNT $
A105: 1 | B105: Whitten | C105: Ted | D105: Senior coach | G105: 20000
A106: 2 | G106: 0
A107: 3 | G107: 0
A108: 4 | G108: 0
A109: 5 | G109: 0
A110: Detail of arrangements to be attached as necessary and consistent with Rule 4 (b)(i)(C) and Rule 4 (c)(i)(D)
A112: EXEMPT PAYMENTS TO PLAYERS, APPROVED UNDER AN 8(d) RULING OR COACH EXEMPTIONS DETAILED IN THE PLAYER PAYMENT GUIDELINES. A DROP DOWN BOX HAS BEEN PROVIDED AS THIS MUST BE A PLAYER LISTED ELSEWHERE IN THIS DECLARATION.
B113: Surname | C113: First Name | D113: Detail of Arrangements | G113: AMOUNT $
A114: 1 | B114: Whitten | C114: Ted | D114: Senior Coach | G114: 11800
A115: 2 | G115: 0
A116: 3 | G116: 0
A117: 4 | G117: 0
A118: 5 | G118: 0
A121: TOTAL PLAYER PAYMENTS
A122: =SUM(J11:J60,H92:H93,G97:G101,G105:G109) -> 103910
A123: TOTAL EXEMPT PAYMENTS
A124: =SUM(G114:G118) -> 11800 | E124: ALLOWABLE PLAYER PAYMENT CHECK
A125: ALLOWABLE PLAYER PAYMENT VALUE | E125: Your Clubs Allowable Player Payment Cap | F125: Cap Variation $ | G125: Cap Variation %
A126: =A122-A124 -> 92110 | E126: =J4 -> 100000 | F126: =E126-A126 -> 7890 | G126: =F126/E126 -> 0.0789
A128: Notes:
A129: 1. Where a Player may be on a different rate for win, loss/draw, please enter that Player's details on separate rows. If you require more than 50 declared player rows and 20 non declared player rows, contact your League or Region for an amended template.
A130: 2. A Club should detail all Player Payments, and detail if they believe that any exemptions apply under the Guidelines or any rulings under Rule 8.
A132: We hereby verify that this is an accurate summary of the Budget / Final Declaration (delete as relevant) of Player Payments given or applied by a Club or Associate of the Club in the Season in respect of Players of the Club and Associates of the Players.
A134: ________________________ / /2026 ______________________________ / /2026
A135: President Secretary/ Treasurer / Football Manager (delete as relevant)

Sheet APP Final Detail
A1: (Insert Name) FOOTBALL CLUB - PLAYER PAYMENTS (Rule 4 (b) & (c))
A2: 2026 PLAYER PAYMENTS -CLUB BUDGET / FINAL DECLARATION
A4: Players Enter Total Number of Players Per Senior Match (For example 20, 21 or 22 players) | D4: 21 | G4: Enter Your Clubs Allowable Player Payment Cap | J4: 100000
A5: Rounds Enter Total Number of Fixtured Home and Away Rounds for your Senior Team (excluding byes) | D5: 18
A6: Players x Rounds = Total Matches Total number of senior home and away matches (For example 22 players x 18 rounds = 396) | D6: =D4*D5 -> 378 | G6: > Download a Standard Player Declaration
A8: PLAYERS WITH A DECLARATION
B9: DECLARED PLAYERS | D9: SENIORS | G9: NON SENIOR | J9: TOTAL MATCH PAYMENTS $
B10: Surname | C10: First name | D10: No. Of Games | E10: Rate $ | F10: Amount $ | G10: No. Of Games | H10: Rate $ | I10: Amount $ | J10: SUB TOTAL
A11: 1 | B11: Ablett | C11: Gary | D11: 14 | E11: 200 | F11: =D11*E11 -> 2800 | I11: =G11*H11 -> 0 | J11: =(F11+I11) -> 2800
A12: 2 | B12: Barrassi | C12: Ron | D12: 18 | E12: 200 | F12: =D12*E12 -> 3600 | I12: =G12*H12 -> 0 | J12: =(F12+I12) -> 3600
A13: 3 | B13: Bourke | C13: Francis | D13: 18 | E13: 225 | F13: =D13*E13 -> 4050 | I13: =G13*H13 -> 0 | J13: =(F13+I13) -> 4050
A14: 4 | B14: Bunton | C14: Haydn | D14: 18 | E14: 200 | F14: =D14*E14 -> 3600 | I14: =G14*H14 -> 0 | J14: =(F14+I14) -> 3600
A15: 5 | B15: Coleman | C15: john | D15: 12 | E15: 220 | F15: =D15*E15 -> 2640 | I15: =G15*H15 -> 0 | J15: =(F15+I15) -> 2640
A16: 6 | B16: Doull | C16: Bruce | D16: 18 | E16: 100 | F16: =D16*E16 -> 1800 | I16: =G16*H16 -> 0 | J16: =(F16+I16) -> 1800
A17: 7 | B17: Dyer | C17: Jack | D17: 18 | E17: 100 | F17: =D17*E17 -> 1800 | I17: =G17*H17 -> 0 | J17: =(F17+I17) -> 1800
A18: 8 | B18: Farmer | C18: Graham | D18: 18 | E18: 200 | F18: =D18*E18 -> 3600 | I18: =G18*H18 -> 0 | J18: =(F18+I18) -> 3600
A19: 9 | B19: Greig | C19: Keith | D19: 18 | E19: 300 | F19: =D19*E19 -> 5400 | I19: =G19*H19 -> 0 | J19: =(F19+I19) -> 5400
A20: 10 | B20: Hart | C20: Royce | D20: 18 | E20: 250 | F20: =D20*E20 -> 4500 | I20: =G20*H20 -> 0 | J20: =(F20+I20) -> 4500
A21: 11 | B21: Jesaulenko | C21: Alex | D21: 18 | E21: 275 | F21: =D21*E21 -> 4950 | I21: =G21*H21 -> 0 | J21: =(F21+I21) -> 4950
A22: 12 | B22: Matthews | C22: Leigh | D22: 16 | E22: 300 | F22: =D22*E22 -> 4800 | I22: =G22*H22 -> 0 | J22: =(F22+I22) -> 4800
... A24: 14 | B24: Nichols | C24: John | D24: 18 | E24: 300 | F24: =D24*E24 -> 5400 | I24: =G24*H24 -> 0 | J24: =(F24+I24) -> 5400
A25: 15 | B25: Reynolds | C25: Dick | D25: 12 | E25: 300 | F25: =D25*E25 -> 3600 | G25: 3 | H25: 100 | I25: =G25*H25 -> 300 | J25: =(F25+I25) -> 3900
A26: 16 | B26: Silvangi | C26: Stephen | D26: 18 | E26: 150 | F26: =D26*E26 -> 2700 | I26: =G26*H26 -> 0 | J26: =(F26+I26) -> 2700
A27: 17 | B27: Skilton | C27: Bob | D27: 18 | E27: 250 | F27: =D27*E27 -> 4500 | I27: =G27*H27 -> 0 | J27: =(F27+I27) -> 4500
A28: 18 | B28: Smith | C28: Bernie | D28: 18 | E28: 200 | F28: =D28*E28 -> 3600 | I28: =G28*H28 -> 0 | J28: =(F28+I28) -> 3600
A29: 19 | B29: Stewart | C29: Ian | D29: 18 | E29: 250 | F29: =D29*E29 -> 4500 | I29: =G29*H29 -> 0 | J29: =(F29+I29) -> 4500
A30: 20 | B30: Whitten | C30: Ted | D30: 18 | E30: 200 | F30: =D30*E30 -> 3600 | I30: =G30*H30 -> 0 | J30: =(F30+I30) -> 3600
A31: 21 | B31: Williams | C31: Greg | D31: 14 | E31: 200 | F31: =D31*E31 -> 2800 | I31: =G31*H31 -> 0 | J31: =(F31+I31) -> 2800
A32: 22 | B32: Thompson | C32: Len | D32: 4 | E32: 50 | F32: =D32*E32 -> 200 | I32: =G32*H32 -> 0 | J32: =(F32+I32) -> 200
A33: 23 | B33: Hudson | C33: Peter | D33: 2 | E33: 50 | F33: =D33*E33 -> 100 | I33: =G33*H33 -> 0 | J33: =(F33+I33) -> 100
A34: 24 | B34: Flower | C34: Robert | D34: 3 | E34: 50 | F34: =D34*E34 -> 150 | I34: =G34*H34 -> 0 | J34: =(F34+I34) -> 150
A35: 25 | B35: Martin | C35: Dustin | D35: 4 | E35: 50 | F35: =D35*E35 -> 200 | I35: =G35*H35 -> 0 | J35: =(F35+I35) -> 200
A36: 26 | B36: Matera | C36: Peter | D36: 1 | E36: 50 | F36: =D36*E36 -> 50 | I36: =G36*H36 -> 0 | J36: =(F36+I36) -> 50
A37: 27 | F37: =D37*E37 -> 0 | I37: =G37*H37 -> 0 | J37: =(F37+I37) -> 0
A38: 28 | F38: =D38*E38 -> 0 | I38: =G38*H38 -> 0 | J38: =(F38+I38) -> 0
A39: 29 | F39: =D39*E39 -> 0 | I39: =G39*H39 -> 0 | J39: =(F39+I39) -> 0
A40: 30 | F40: =D40*E40 -> 0 | I40: =G40*H40 -> 0 | J40: =(F40+I40) -> 0
A41: 31 | F41: =D41*E41 -> 0 | I41: =G41*H41 -> 0 | J41: =(F41+I41) -> 0
A42: 32 | F42: =D42*E42 -> 0 | I42: =G42*H42 -> 0 | J42: =(F42+I42) -> 0
A43: 33 | F43: =D43*E43 -> 0 | I43: =G43*H43 -> 0 | J43: =(F43+I43) -> 0
A44: 34 | F44: =D44*E44 -> 0 | I44: =G44*H44 -> 0 | J44: =(F44+I44) -> 0
A45: 35 | F45: =D45*E45 -> 0 | I45: =G45*H45 -> 0 | J45: =(F45+I45) -> 0
A46: 36 | F46: =D46*E46 -> 0 | I46: =G46*H46 -> 0 | J46: =(F46+I46) -> 0
A47: 37 | F47: =D47*E47 -> 0 | I47: =G47*H47 -> 0 | J47: =(F47+I47) -> 0
A48: 38 | F48: =D48*E48 -> 0 | I48: =G48*H48 -> 0 | J48: =(F48+I48) -> 0
... A60: 50 | F60: =D60*E60 -> 0 | I60: =G60*H60 -> 0 | J60: =(F60+I60) -> 0
A62: PLAYERS THAT PLAY A SENIOR MATCH BUT DO NOT RECEIVE ANY PAYMENT (NOT RESERVES) | D62: SENIORS
B64: Surname | C64: First name | D64: No. Of Games
A65: 1 | B65: Voss | C65: Michael | D65: 2
A66: 2 | B66: Hird | C66: James | D66: 3
A67: 3 | B67: Buckley | C67: Nathan | D67: 3
A68: 4
A69: 5
A70: 6
A71: 7
A72: 8
A73: 9
A74: 10
A75: 11
A76: 12
A77: 13
A78: 14
A79: 15
... A84: 20
A86: TOTAL MATCHES CHECK
A87: Total number of senior home and away matches (forecast/actual) | D87: =SUM(D11:D60,D65:D84) -> 378 | E87: =IF(D87=D6,"Total Matches Equals","Total Matches Does Not Equal") -> Total Matches Equals
A89: MATCH AWARDS - DETAIL THE TOTAL OF ALL CASH AWARDS AND ANY NON CASH AWARDS THAT EXCEED $300 PER ROUND FOR ENTIRE CLUB OR $100 PER ROUND PER PLAYER
A90: SENIORS | E90: NON SENIOR
B91: No. Of Games | C91: Rate $ | D91: Amount $ | E91: No. Of Games | F91: Rate $ | G91: Amount $ | H91: TOTAL $
A92: Cash | D92: =B92*C92 -> 0 | E92: 18 | F92: 50 | G92: =E92*F92 -> 900 | H92: =SUM(D92,G92) -> 900
A93: Non Cash | B93: 18 | C93: 50 | D93: =B93*C93 -> 900 | G93: =E93*F93 -> 0 | H93: =SUM(D93,G93) -> 900
A95: OTHER PLAYER PAYMENTS
B96: Surname | C96: First Name | D96: Detail of other Player Payments (e.g. incentives for best and fairest) | G96: AMOUNT $
A97: 1 | B97: Bunton | C97: Haydn | D97: Best and Fairest | G97: 500
A98: 2 | B98: Doull | C98: Bruce | D98: Runner Up Best and Fairest | G98: 250
A99: 3 | B99: APP | C99: Team | D99: Competition APP Cap | G99: 8000
A100: 4 | G100: 0
A101: 5 | G101: 0
A103: ANY OTHER PAYMENTS TO A PLAYER (OR THEIR ASSOCIATES) IN RESPECT OF COACHING, EMPLOYMENT, PROVISION OF SERVICE OR OTHERWISE.
B104: Surname | C104: First Name | D104: Detail of Arrangements | G104: AMOUNT $
A105: 1 | B105: Whitten | C105: Ted | D105: Senior coach | G105: 20000
A106: 2 | G106: 0
A107: 3 | G107: 0
A108: 4 | G108: 0
A109: 5 | G109: 0
A110: Detail of arrangements to be attached as necessary and consistent with Rule 4 (b)(i)(C) and Rule 4 (c)(i)(D)
A112: EXEMPT PAYMENTS TO PLAYERS, APPROVED UNDER AN 8(d) RULING OR COACH EXEMPTIONS DETAILED IN THE PLAYER PAYMENT GUIDELINES. A DROP DOWN BOX HAS BEEN PROVIDED AS THIS MUST BE A PLAYER LISTED ELSEWHERE IN THIS DECLARATION.
B113: Surname | C113: First Name | D113: Detail of Arrangements | G113: AMOUNT $
A114: 1 | B114: Whitten | C114: Ted | D114: Senior Coach | G114: 11800
A115: 2 | B115: Womens | C115: Team | D115: Competition APP Cap | G115: 8000
A116: 3 | G116: 0
A117: 4 | G117: 0
A118: 5 | G118: 0
A121: TOTAL PLAYER PAYMENTS
A122: =SUM(J11:J60,H92:H93,G97:G101,G105:G109) -> 107590
A123: TOTAL EXEMPT PAYMENTS
A124: =SUM(G114:G118) -> 19800 | E124: ALLOWABLE PLAYER PAYMENT CHECK
A125: ALLOWABLE PLAYER PAYMENT VALUE | E125: Your Clubs Allowable Player Payment Cap | F125: Cap Variation $ | G125: Cap Variation %
A126: =A122-A124 -> 87790 | E126: =J4 -> 100000 | F126: =E126-A126 -> 12210 | G126: =F126/E126 -> 0.1221
A128: Notes:
...

Sheet Validation Sheet DO NOT EDIT
A1: Declared Players | B1: Surname | C1: First Name
B2: ='APP Budget Detail'!B11 -> Ablett | C2: ='APP Budget Detail'!C11 -> Gary
B3: ='APP Budget Detail'!B12 -> Barrassi | C3: ='APP Budget Detail'!C12 -> Ron
B4: ='APP Budget Detail'!B13 -> Bourke | C4: ='APP Budget Detail'!C13 -> Francis
B5: ='APP Budget Detail'!B14 -> Bunton | C5: ='APP Budget Detail'!C14 -> Haydn
B6: ='APP Budget Detail'!B15 -> Coleman | C6: ='APP Budget Detail'!C15 -> John
B7: ='APP Budget Detail'!B16 -> Doull | C7: ='APP Budget Detail'!C16 -> Bruce
B8: ='APP Budget Detail'!B17 -> Dyer | C8: ='APP Budget Detail'!C17 -> Jack
B9: ='APP Budget Detail'!B18 -> Farmer | C9: ='APP Budget Detail'!C18 -> Graham
B10: ='APP Budget Detail'!B19 -> Greig | C10: ='APP Budget Detail'!C19 -> Keith
B11: ='APP Budget Detail'!B20 -> Hart | C11: ='APP Budget Detail'!C20 -> Royce
B12: ='APP Budget Detail'!B21 -> Jesaulenko | C12: ='APP Budget Detail'!C21 -> Alex
B13: ='APP Budget Detail'!B22 -> Matthews | C13: ='APP Budget Detail'!C22 -> Leigh
... B30: ='APP Budget Detail'!B39 -> 0 | C30: ='APP Budget Detail'!C39 -> 0
B31: ='APP Budget Detail'!#REF! -> #REF! | C31: ='APP Budget Detail'!#REF! -> #REF!
B32: ='APP Budget Detail'!#REF! -> #REF! | C32: ='APP Budget Detail'!#REF! -> #REF!
B33: ='APP Budget Detail'!#REF! -> #REF! | C33: ='APP Budget Detail'!#REF! -> #REF!
B34: ='APP Budget Detail'!#REF! -> #REF! | C34: ='APP Budget Detail'!#REF! -> #REF!
B35: ='APP Budget Detail'!#REF! -> #REF! | C35: ='APP Budget Detail'!#REF! -> #REF!
B36: ='APP Budget Detail'!#REF! -> #REF! | C36: ='APP Budget Detail'!#REF! -> #REF!
B37: ='APP Budget Detail'!#REF! -> #REF! | C37: ='APP Budget Detail'!#REF! -> #REF!
B38: ='APP Budget Detail'!#REF! -> #REF! | C38: ='APP Budget Detail'!#REF! -> #REF!
B39: ='APP Budget Detail'!#REF! -> #REF! | C39: ='APP Budget Detail'!#REF! -> #REF!
B40: ='APP Budget Detail'!#REF! -> #REF! | C40: ='APP Budget Detail'!#REF! -> #REF!
B41: ='APP Budget Detail'!#REF! -> #REF! | C41: ='APP Budget Detail'!#REF! -> #REF!
B42: ='APP Budget Detail'!B61 -> 0 | C42: ='APP Budget Detail'!C61 -> 0
B43: ='APP Budget Detail'!#REF! -> #REF! | C43: ='APP Budget Detail'!#REF! -> #REF!
B44: ='APP Budget Detail'!B62 -> 0 | C44: ='APP Budget Detail'!C62 -> 0
B45: ='APP Budget Detail'!B63 -> 0 | C45: ='APP Budget Detail'!C63 -> 0
A46: Non Declared Players | B46: ='APP Budget Detail'!B65 -> 0 | C46: ='APP Budget Detail'!C65 -> 0
B47: ='APP Budget Detail'!B66 -> 0 | C47: ='APP Budget Detail'!C66 -> 0
B48: ='APP Budget Detail'!B67 -> 0 | C48: ='APP Budget Detail'!C67 -> 0
B49: ='APP Budget Detail'!B68 -> 0 | C49: ='APP Budget Detail'!C68 -> 0
B50: ='APP Budget Detail'!B69 -> 0 | C50: ='APP Budget Detail'!C69 -> 0
B51: ='APP Budget Detail'!B70 -> 0 | C51: ='APP Budget Detail'!C70 -> 0
B52: ='APP Budget Detail'!B71 -> 0 | C52: ='APP Budget Detail'!C71 -> 0
B53: ='APP Budget Detail'!B72 -> 0 | C53: ='APP Budget Detail'!C72 -> 0
B54: ='APP Budget Detail'!B73 -> 0 | C54: ='APP Budget Detail'!C73 -> 0
B55: ='APP Budget Detail'!B74 -> 0 | C55: ='APP Budget Detail'!C74 -> 0
B56: ='APP Budget Detail'!B75 -> 0 | C56: ='APP Budget Detail'!C75 -> 0
B57: ='APP Budget Detail'!B76 -> 0 | C57: ='APP Budget Detail'!C76 -> 0
B58: ='APP Budget Detail'!B77 -> 0 | C58: ='APP Budget Detail'!C77 -> 0
... B65: ='APP Budget Detail'!B84 -> 0 | C65: ='APP Budget Detail'!C84 -> 0
A66: Other Payments | B66: ='APP Budget Detail'!B105 -> Whitten | C66: ='APP Budget Detail'!C105 -> Ted
B67: ='APP Budget Detail'!B106 -> 0 | C67: ='APP Budget Detail'!C106 -> 0
B68: ='APP Budget Detail'!B107 -> 0 | C68: ='APP Budget Detail'!C107 -> 0
B69: ='APP Budget Detail'!B108 -> 0 | C69: ='APP Budget Detail'!C108 -> 0
B70: ='APP Budget Detail'!B109 -> 0 | C70: ='APP Budget Detail'!C109 -> 0
